Map: Last Remnant

Players

Odin - Winner!

  • Race: Zerg Zerg
  • League: Platinum
  • Spawn Location: 12:00

A.I. 1 (Harder)

  • Race: Terran Terran
  • Spawn Location: 6:00

A.I. 2 (Harder)

  • Race: Terran Terran
  • Spawn Location: 6:00

A.I. 3 (Harder)

  • Race: Terran Terran
  • Spawn Location: 7:00

A.I. 4 (Harder)

  • Race: Terran Terran
  • Spawn Location: 9:00

VOD

Have the link to the VOD?

Description

Time

  • Played on: Dec. 17, 2018, 12:51 p.m.
  • Length: 5:48
Show
View Real Time Build Order
Export as new Build Order

Odin Zerg - Winner!

Build Orders: 1 Base Baneling Bust, Pool Only 

Get SALT Encoding   

  12  0:11  Drone x2  
  14  0:14  Extractor  
  13  0:31  Spawning Pool  
  12  0:39  Overlord  
  12  0:49  Drone  
  13  0:50  Drone  
  14  1:17  Metabolic Boost  
  14  1:19  Zergling x4  
  14  1:20  Zergling x2  
  17  1:38  Baneling Nest  
  16  1:41  Queen  
  18  1:47  Zergling x2  
  18  1:53  Zergling x2  
  20  2:12  Zergling x4  
  22  2:20  Zergling x2  
  22  2:41  Overlord x2  
  21  2:58  Zergling x2  
  21  3:23  Zergling x6  
  23  3:48  Zergling x4  
  22  3:56  Zergling x2  
  22  4:20  Zergling x4  
  24  5:14  Zergling x14  
Show
View Real Time Build Order
Export as new Build Order

A.I. 1 (Harder) Terran 

Build Orders: Command Center First (CC) 

Get SALT Encoding   

  12  0:00  SCV  
  13  0:13  SCV  
  14  0:20  Supply Depot  
  14  0:25  SCV  
  15  0:41  SCV  
  16  1:00  Command Center  
  16  1:05  Refinery  
  16  1:18  Barracks, SCV  
  17  1:27  Refinery  
  17  1:30  SCV  
  18  1:42  SCV  
  18  1:46  Supply Depot  
  19  2:07  SCV  
  19  2:11  Factory  
  11  2:23  SCV  
  11  2:29  SCV  
  13  2:35  SCV  
  14  2:41  SCV  
  15  2:47  SCV  
  16  2:53  SCV  
  17  2:59  SCV  
  17  3:05  SCV  
  19  3:15  Orbital Command  
  19  3:19  SCV  
  20  3:36  SCV, Starport  
  20  3:44  SCV  
  13  3:51  SCV  
  10  3:59  SCV  
  10  4:07  SCV  
  10  4:14  SCV  
  11  4:19  SCV  
  12  4:26  SCV  
  12  4:31  SCV  
  10  4:38  SCV  
  10  4:43  SCV  
Show
View Real Time Build Order
Export as new Build Order

A.I. 2 (Harder) Terran 

Build Orders: Command Center First (CC) 

Get SALT Encoding   

  12  0:01  SCV  
  13  0:13  SCV  
  14  0:20  Supply Depot  
  14  0:25  SCV  
  15  0:42  SCV  
  16  0:58  Command Center  
  16  1:02  Refinery  
  16  1:16  Barracks  
  16  1:17  SCV  
  17  1:24  Refinery  
  17  1:29  SCV  
  18  1:42  SCV  
  18  1:43  Supply Depot  
  19  2:07  Factory  
  19  2:16  Orbital Command  
  19  2:22  SCV  
  20  2:35  SCV  
  21  2:48  SCV  
  22  2:54  Starport  
  22  3:00  Starport  
  22  3:01  SCV  
  23  3:09  Marine  
  24  3:14  SCV  
  24  3:19  Hellion  
  27  3:25  SCV  
  27  3:26  Marine  
  19  3:28  SCV  
  13  3:37  SCV  
  11  3:41  SCV  
  10  4:02  SCV  
  8  4:09  SCV  
  8  4:10  Starport Tech Lab  
  6  4:18  SCV  
  6  4:26  Starport Tech Lab  
  6  4:36  SCV  
Show
View Real Time Build Order
Export as new Build Order

A.I. 3 (Harder) Terran 

Build Orders: Command Center First (CC) 

Get SALT Encoding   

  12  0:01  SCV  
  13  0:13  SCV  
  14  0:20  Supply Depot  
  14  0:25  SCV  
  15  0:41  SCV  
  16  1:00  Command Center  
  16  1:07  Refinery  
  16  1:18  Barracks  
  16  1:20  SCV  
  17  1:28  Refinery  
  17  1:32  SCV  
  18  1:44  SCV  
  19  1:48  Supply Depot  
  19  2:07  Factory  
  19  2:19  Orbital Command  
  19  2:25  SCV  
  20  2:42  SCV  
  21  2:54  Starport  
  21  2:58  SCV x2  
  9  3:10  SCV x2  
  9  3:22  SCV x2  
  11  3:34  SCV x2  
  11  3:35  Starport Tech Lab  
  13  3:46  SCV  
  13  3:47  SCV  
  15  3:58  SCV  
  15  3:59  SCV  
  16  4:08  Starport  
  16  4:10  SCV  
  16  4:11  SCV  
  18  4:23  SCV x2  
  19  4:32  Marine  
  19  4:33  Hellion  
  19  4:34  Viking  
  19  4:35  SCV  
  25  4:40  SCV  
  25  4:45  Starport Tech Lab  
  15  4:47  SCV  
  15  4:50  Marine  
  15  4:52  SCV  
  16  4:57  Hellion  
  15  5:04  Viking, SCV  
  16  5:09  Supply Depot  
  16  5:14  Supply Depot  
  15  5:30  SCV  
  14  5:37  Supply Depot  
Show
View Real Time Build Order
Export as new Build Order

A.I. 4 (Harder) Terran 

Build Orders:  

Get SALT Encoding   

  12  0:01  SCV  
  13  0:13  SCV  
  14  0:19  Supply Depot  
  14  0:25  SCV  
  15  0:35  Refinery  
  15  0:41  SCV  
  16  0:48  Barracks  
  16  0:53  SCV  
  17  0:58  Refinery  
  17  1:05  SCV  
  18  1:16  Supply Depot  
  18  1:17  SCV  
  19  1:39  Factory  
  19  1:44  Orbital Command  
  19  2:09  SCV  
  20  2:26  SCV  
  20  2:27  Marine  
  22  2:30  Starport  
  21  2:37  Starport  
  21  2:41  SCV  
  4  2:45  Marine  
  4  2:53  SCV  
  4  3:10  SCV  
  4  3:28  SCV  
  4  3:40  SCV  
  5  3:45  Starport Tech Lab  
  5  3:53  SCV  
  6  4:00  Starport Tech Lab  
  6  4:05  SCV  
  7  4:17  SCV  
  8  4:29  SCV  
  9  4:41  SCV  
Tags
 
Add a new tag
Caveats
  • Supply blocks, unpowered buildings, or Contaminate may cause inaccurate times.
  • Supply counts are checked every 10 seconds.